[ AOE2 MATCH · #506192869 ]
UnrankedTatars vs Malians
Player's team · LOSS
Rival team · WIN
[ REPLAY ANALYSIS · EXTRACTED FROM THE RECORDED GAME ]
Feudal
10:41
Castle
20:02
Imperial
—
| APM avg | 67.7 |
| APM peak | 102 |
| eAPM avg | 29.7 |
| Villagers / military | 87 / 66 |
Focus
⚔️ 53.3% · 🌾 46.7%
Cavalry Archer ×42 · Archer ×10 · Knight ×5 · Battering Ram ×5 · Militia ×4
Feudal
10:11
Castle
16:10
Imperial
—
| APM avg | 61.1 |
| APM peak | 153 |
| eAPM avg | 38.2 |
| Villagers / military | 59 / 26 |
Focus
⚔️ 51.6% · 🌾 48.4%
Gbeto ×20 · Mangonel ×5 · Scorpion ×1
Match map
Initial resources + every placement click. Lines = walls · curves = elevation contours. ◆ gold · ⬟ stone · ● berries · ✦ relic · ◌ wall gap
Your base· Open — 5t gap
Dobbs351's base· Open — unwalled flank
Smoothed initial terrain · ◌ = detected wall gap · hover for details
Inputs per minute
— Courtesy - - Dobbs351
Build order — Courtesy
First 150 of 280 actions detected
| 0:01 | Create | Villager (Male) |
| 0:01 | Create | Villager (Male) |
| 0:02 | Build | House |
| 0:02 | Build | House |
| 0:12 | Create | Villager (Male) |
| 0:13 | Create | Villager (Male) |
| 1:29 | Create | Villager (Male) |
| 1:52 | Create | Villager (Male) |
| 1:53 | Build | Lumber Camp |
| 2:22 | Create | Villager (Male) |
| 2:36 | Create | Villager (Male) |
| 2:36 | Create | Villager (Male) |
| 2:50 | Create | Villager (Male) |
| 2:51 | Create | Villager (Male) |
| 3:28 | Create | Villager (Male) |
| 3:47 | Create | Villager (Male) |
| 3:47 | Create | Villager (Male) |
| 3:49 | Build | House |
| 4:00 | Create | Villager (Male) |
| 4:01 | Create | Villager (Male) |
| 4:27 | Build | Barracks |
| 4:35 | Create | Villager (Male) |
| 4:37 | Create | Villager (Male) |
| 5:01 | Build | House |
| 5:16 | Create | Villager (Male) |
| 5:21 | Create | Militia |
| 5:22 | Create | Militia |
| 5:54 | Create | Militia |
| 5:56 | Create | Villager (Male) |
| 5:58 | Create | Villager (Male) |
| 6:22 | Create | Villager (Male) |
| 6:27 | Build | Mill |
| 6:38 | Create | Militia |
| 6:45 | Create | Villager (Male) |
| 7:10 | Build | House |
| 7:12 | Research | Loom |
| 7:14 | Create | Villager (Male) |
| 7:57 | Create | Villager (Male) |
| 8:31 | Research | Feudal Age |
| 8:32 | Research | Feudal Age |
| 9:06 | Build | House |
| 9:22 | Build | Mining Camp |
| 9:24 | Create | Villager (Male) |
| 10:37 | Build | House |
| 10:41 | Age | Feudal Age |
| 10:48 | Research | Double-Bit Axe |
| 10:51 | Create | Villager (Male) |
| 10:56 | Create | Villager (Male) |
| 10:57 | Build | Archery Range |
| 11:11 | Create | Villager (Male) |
| 11:18 | Build | House |
| 11:24 | Create | Villager (Male) |
| 11:26 | Research | Man-at-Arms (upgrade) |
| 11:27 | Research | Man-at-Arms (upgrade) |
| 11:35 | Create | Villager (Male) |
| 11:42 | Create | Villager (Male) |
| 11:47 | Create | Archer |
| 11:55 | Build | House |
| 12:04 | Build | Mill |
| 12:10 | Research | Arson |
| 12:10 | Research | Arson |
| 12:10 | Research | Arson |
| 12:12 | Create | Villager (Male) |
| 12:22 | Create | Archer |
| 12:30 | Create | Villager (Male) |
| 12:31 | Create | Villager (Male) |
| 12:42 | Build | Blacksmith |
| 12:58 | Create | Villager (Male) |
| 13:00 | Create | Archer |
| 13:04 | Build | Farm |
| 13:06 | Create | Villager (Male) |
| 13:18 | Create | Villager (Male) |
| 13:22 | Build | Stone Wall |
| 13:23 | Build | Stone Wall |
| 13:23 | Build | Stone Wall |
| 13:24 | Build | Stone Wall |
| 13:24 | Build | Stone Wall |
| 13:24 | Build | Stone Wall |
| 13:24 | Build | Stone Wall |
| 13:25 | Build | Stone Wall |
| 13:25 | Build | Stone Wall |
| 13:25 | Build | Stone Wall |
| 13:25 | Build | Stone Wall |
| 13:26 | Build | Stone Wall |
| 13:27 | Build | Stone Wall |
| 13:27 | Create | Villager (Male) |
| 13:29 | Create | Archer |
| 13:37 | Research | Fletching |
| 13:37 | Research | Fletching |
| 13:42 | Create | Villager (Male) |
| 13:44 | Build | Farm |
| 13:47 | Build | Farm |
| 14:04 | Create | Villager (Male) |
| 14:19 | Create | Archer |
| 14:20 | Create | Archer |
| 14:29 | Create | Villager (Male) |
| 14:35 | Create | Archer |
| 14:42 | Create | Villager (Male) |
| 14:56 | Build | Farm |
| 14:56 | Create | Villager (Male) |
| 14:57 | Build | Farm |
| 14:58 | Build | Farm |
| 15:18 | Build | Market |
| 15:54 | Build | House |
| 16:09 | Create | Villager (Male) |
| 16:24 | Create | Archer |
| 16:39 | Build | Stone Wall |
| 17:17 | Research | Castle Age |
| 17:30 | Create | Archer |
| 18:02 | Build | Archery Range |
| 18:05 | Build | Stone Wall |
| 18:15 | Create | Archer |
| 18:19 | Create | Villager (Male) |
| 18:34 | Research | Gold Mining |
| 19:10 | Build | House |
| 19:36 | Create | Villager (Male) |
| 20:02 | Age | Castle Age |
| 20:05 | Research | Crossbowman (upgrade) |
| 20:05 | Research | Bodkin Arrow |
| 20:09 | Research | Bodkin Arrow |
| 20:09 | Research | Bodkin Arrow |
| 20:14 | Build | University |
| 20:24 | Build | Gate |
| 20:25 | Build | Stone Wall |
| 20:29 | Create | Cavalry Archer |
| 20:29 | Create | Cavalry Archer |
| 20:34 | Create | Villager (Male) |
| 20:39 | Build | Lumber Camp |
| 20:42 | Build | Farm |
| 21:06 | Create | Villager (Male) |
| 21:11 | Build | Farm |
| 21:12 | Research | Ballistics |
| 21:20 | Create | Cavalry Archer |
| 21:20 | Create | Cavalry Archer |
| 21:25 | Build | Farm |
| 21:34 | Create | Cavalry Archer |
| 21:34 | Create | Cavalry Archer |
| 21:43 | Create | Villager (Male) |
| 21:45 | Build | Farm |
| 21:47 | Create | Villager (Male) |
| 21:55 | Create | Cavalry Archer |
| 21:55 | Create | Cavalry Archer |
| 22:10 | Create | Villager (Male) |
| 22:14 | Build | Farm |
| 22:17 | Create | Cavalry Archer |
| 22:17 | Create | Cavalry Archer |
| 22:29 | Build | Stable |
| 22:34 | Create | Villager (Male) |
| 22:39 | Create | Cavalry Archer |
| 22:48 | Create | Villager (Male) |
Build order — Dobbs351
141 actions detected in the replay
| 0:00 | Create | Villager (Male) |
| 0:02 | Build | House |
| 0:03 | Build | House |
| 0:05 | Create | Villager (Male) |
| 0:05 | Create | Villager (Male) |
| 0:06 | Create | Villager (Male) |
| 1:34 | Create | Villager (Male) |
| 1:34 | Create | Villager (Male) |
| 1:52 | Build | Lumber Camp |
| 1:55 | Create | Villager (Male) |
| 2:18 | Create | Villager (Male) |
| 2:18 | Create | Villager (Male) |
| 2:59 | Create | Villager (Male) |
| 2:59 | Create | Villager (Male) |
| 2:59 | Create | Villager (Male) |
| 2:59 | Create | Villager (Male) |
| 3:23 | Create | Villager (Male) |
| 3:23 | Create | Villager (Male) |
| 3:37 | Create | Villager (Male) |
| 3:56 | Build | House |
| 4:13 | Build | Mill |
| 4:21 | Create | Villager (Male) |
| 4:43 | Create | Villager (Male) |
| 4:43 | Create | Villager (Male) |
| 5:15 | Create | Villager (Male) |
| 5:24 | Create | Villager (Male) |
| 5:40 | Build | House |
| 5:47 | Create | Villager (Male) |
| 5:50 | Create | Villager (Male) |
| 5:58 | Create | Villager (Male) |
| 6:13 | Build | Palisade Wall |
| 6:16 | Create | Villager (Male) |
| 6:22 | Build | Palisade Wall |
| 6:25 | Create | Villager (Male) |
| 6:34 | Build | Mining Camp |
| 6:42 | Build | Palisade Wall |
| 6:43 | Build | Palisade Wall |
| 6:50 | Create | Villager (Male) |
| 7:03 | Build | Palisade Wall |
| 7:10 | Research | Loom |
| 7:20 | Build | Palisade Wall |
| 7:36 | Create | Villager (Male) |
| 8:01 | Research | Feudal Age |
| 8:01 | Research | Feudal Age |
| 9:16 | Build | House |
| 9:33 | Create | Villager (Male) |
| 9:33 | Create | Villager (Male) |
| 9:53 | Build | House |
| 10:11 | Age | Feudal Age |
| 10:17 | Build | Market |
| 10:20 | Build | Blacksmith |
| 10:38 | Create | Villager (Male) |
| 11:21 | Build | Palisade Wall |
| 11:23 | Create | Villager (Male) |
| 11:31 | Build | Stone Wall |
| 11:50 | Build | Stone Wall |
| 11:52 | Create | Villager (Male) |
| 12:07 | Build | Palisade Wall |
| 12:08 | Build | Palisade Wall |
| 12:08 | Build | Palisade Wall |
| 12:18 | Create | Villager (Male) |
| 12:29 | Build | Farm |
| 12:30 | Build | Farm |
| 12:44 | Build | Stone Wall |
| 12:48 | Build | Farm |
| 13:30 | Research | Castle Age |
| 13:30 | Research | Castle Age |
| 13:49 | Build | Stone Wall |
| 13:55 | Build | Farm |
| 13:57 | Build | Farm |
| 14:12 | Build | Farm |
| 14:17 | Build | Palisade Wall |
| 14:24 | Create | Villager (Male) |
| 15:38 | Create | Villager (Male) |
| 15:52 | Build | Farm |
| 15:59 | Build | Farm |
| 16:10 | Age | Castle Age |
| 16:13 | Build | Castle |
| 16:21 | Create | Villager (Male) |
| 16:26 | Build | Stone Wall |
| 16:27 | Create | Villager (Male) |
| 16:56 | Build | Farm |
| 17:13 | Create | Gbeto |
| 17:25 | Create | Gbeto |
| 17:25 | Create | Gbeto |
| 17:45 | Build | Mining Camp |
| 17:52 | Create | Villager (Male) |
| 17:54 | Create | Gbeto |
| 18:21 | Build | Farm |
| 18:31 | Create | Gbeto |
| 19:15 | Build | Lumber Camp |
| 19:22 | Create | Gbeto |
| 19:22 | Create | Villager (Male) |
| 19:27 | Build | Farm |
| 19:45 | Create | Gbeto |
| 19:58 | Create | Gbeto |
| 20:29 | Build | Siege Workshop |
| 20:30 | Create | Gbeto |
| 20:30 | Create | Villager (Male) |
| 20:41 | Build | House |
| 21:19 | Create | Mangonel |
| 21:48 | Create | Mangonel |
| 22:22 | Create | Villager (Male) |
| 22:23 | Research | Double-Bit Axe |
| 22:23 | Research | Double-Bit Axe |
| 22:23 | Research | Double-Bit Axe |
| 22:23 | Create | Villager (Male) |
| 23:08 | Create | Villager (Male) |
| 23:09 | Create | Villager (Male) |
| 23:10 | Create | Gbeto |
| 23:21 | Create | Villager (Male) |
| 23:29 | Create | Gbeto |
| 23:31 | Create | Gbeto |
| 23:32 | Create | Villager (Male) |
| 23:57 | Create | Scorpion |
| 24:03 | Create | Villager (Male) |
| 24:09 | Create | Gbeto |
| 24:09 | Create | Villager (Male) |
| 24:20 | Create | Villager (Male) |
| 24:30 | Create | Villager (Male) |
| 24:55 | Create | Gbeto |
| 24:55 | Create | Villager (Male) |
| 24:59 | Create | Mangonel |
| 25:00 | Create | Villager (Male) |
| 25:15 | Build | Siege Workshop |
| 25:28 | Build | Siege Workshop |
| 25:29 | Create | Villager (Male) |
| 25:35 | Create | Villager (Male) |
| 25:57 | Create | Gbeto |
| 26:33 | Create | Mangonel |
| 26:35 | Create | Villager (Male) |
| 26:37 | Create | Gbeto |
| 26:37 | Create | Villager (Male) |
| 26:55 | Create | Gbeto |
| 27:24 | Create | Mangonel |
| 27:30 | Create | Gbeto |
| 27:35 | Build | Farm |
| 27:47 | Create | Villager (Male) |
| 28:37 | Create | Villager (Male) |
| 28:38 | Create | Gbeto |
| 28:38 | Create | Gbeto |
Match timeline
| 4:27 | Courtesy · first_building Barracks |
| 6:13 | Dobbs351 · wall_segment Palisade Wall x4 |
| 6:22 | Dobbs351 · wall_segment Palisade Wall x1 |
| 6:42 | Dobbs351 · wall_segment Palisade Wall x5 |
| 6:43 | Dobbs351 · wall_segment Palisade Wall x3 |
| 7:03 | Dobbs351 · wall_segment Palisade Wall x1 |
| 7:20 | Dobbs351 · wall_segment Palisade Wall x7 |
| 10:11 | Dobbs351 · age_up feudal |
| 10:41 | Courtesy · age_up feudal |
| 10:57 | Courtesy · first_building Archery Range |
| 11:21 | Dobbs351 · wall_segment Palisade Wall x1 |
| 11:31 | Dobbs351 · wall_segment Stone Wall x9 |
| 11:50 | Dobbs351 · wall_segment Stone Wall x1 |
| 12:07 | Dobbs351 · wall_segment Palisade Wall x1 |
| 12:08 | Dobbs351 · wall_segment Palisade Wall x1 |
| 12:08 | Dobbs351 · wall_segment Palisade Wall x1 |
| 12:44 | Dobbs351 · wall_segment Stone Wall x1 |
| 12:51 | Dobbs351 · first_market_sell 100 stone |
| 12:54 | Dobbs351 · first_market_buy 100 food |
| 13:22 | Courtesy · wall_segment Stone Wall x1 |
| 13:23 | Courtesy · wall_segment Stone Wall x1 |
| 13:23 | Courtesy · wall_segment Stone Wall x1 |
| 13:24 | Courtesy · wall_segment Stone Wall x1 |
| 13:24 | Courtesy · wall_segment Stone Wall x1 |
| 13:24 | Courtesy · wall_segment Stone Wall x2 |
| 13:24 | Courtesy · wall_segment Stone Wall x2 |
| 13:25 | Courtesy · wall_segment Stone Wall x1 |
| 13:25 | Courtesy · wall_segment Stone Wall x1 |
| 13:25 | Courtesy · wall_segment Stone Wall x2 |
| 13:25 | Courtesy · wall_segment Stone Wall x1 |
| 13:26 | Courtesy · wall_segment Stone Wall x1 |
| 13:27 | Courtesy · wall_segment Stone Wall x1 |
| 13:49 | Dobbs351 · wall_segment Stone Wall x8 |
| 14:17 | Dobbs351 · wall_segment Palisade Wall x1 |
| 16:10 | Dobbs351 · age_up castle |
| 16:13 | Dobbs351 · first_building Castle |
| 16:26 | Dobbs351 · wall_segment Stone Wall x2 |
| 16:39 | Courtesy · wall_segment Stone Wall x20 |
| 16:45 | Courtesy · first_market_buy 100 food |
| 17:10 | Courtesy · first_market_sell 100 wood |
| 18:05 | Courtesy · wall_segment Stone Wall x1 |
| 20:02 | Courtesy · age_up castle |
| 20:25 | Courtesy · wall_segment Stone Wall x1 |
| 20:29 | Dobbs351 · first_building Siege Workshop |
| 22:29 | Courtesy · first_building Stable |
| 29:47 | Courtesy · first_building Siege Workshop |
| 35:21 | Courtesy · first_building Castle |
[ AI ANALYSIS · 1 CREDIT ]
What really happened in this match?
Wolo.gg analyzes every decision: build order, eco, micro, common mistakes by bracket. Personalized analysis on WhatsApp or Discord in 30 seconds.
Civ guide
Tatars
Perfil
Jugador #3022245